AoeStats
← Melodies of Life

Arena

510612719Analyzed
4v4 RM · 1d ago on Oct 1, 2026· 45m 13s· 8 players
Game mode
Random Map
Map size
Large (8 player)
Population
200
Speed
Normal
Resources
Standard
Victory
Conquest
Starting age
Dark Age
Ending age
Imperial Age
RankedLock teamsTeams togetherTeam positionsShared explorationLock speedFull tech treeHidden civsTurbo modeCheats
Victory
Defeat
🇺🇸 Koreans · United States
1400
+15
🇨🇳 Bulgarians · China
1320
+18
🇦🇷 Turks · Argentina
1316
+18
🇻🇳 Japanese · Vietnam
1291
+19
🇹🇷 Cumans · Türkiye
1399
-18
🇭🇰 Mongols · Hong Kong SAR China
1390
-19
🇭🇺 Romans · Hungary
1370
-18
🇩🇪 Saxons · Germany
1304
-15
C.A | Sagittis Hungarorum
10:12 Feudal Age
14:16 Castle Age
12:37 Horse Collar
12:56 Double-Bit Axe
15:28 Bow Saw
24:01 Gold Mining
27:39 Imperial Age
25:46 Wheelbarrow
25:14 Heavy Plow
25:00 Loom
26:15 Gold Shaft Mining
26:34 Padded Archer Armor
26:34 Scale Mail Armor
26:44 Forging
26:56 Ballistics
26:47 Masonry
27:02 Hand Cart
27:03 Man-at-Arms
27:44 Squires
28:31 Chain Mail Armor
29:08 Long Swordsman
30:25 Iron Casting
29:45 Heavy Scorpion
30:27 Legionary
31:30 Conscription
31:18 Ballistas
31:34 Comitatenses
30:38 Capped Ram
32:50 Blast Furnace
32:27 Siege Ram
34:01 Crop Rotation
34:39 Coinage
33:54 Pikeman
34:49 Halberdier
41:15 Leather Archer Armor
41:32 Architecture
41:07 Siege Engineers
42:03 Chemistry
41:08 Town Watch
The_Physicist
11:49 Feudal Age
15:28 Castle Age
13:53 Double-Bit Axe
14:28 Stone Mining
14:28 Horse Collar
17:02 Town Watch
19:27 Loom
23:32 Forging
24:22 Scale Mail Armor
25:59 Wheelbarrow
26:08 Iron Casting
29:36 Chain Mail Armor
32:06 Gold Mining
36:32 Bow Saw
36:44 Hand Cart
44:16 Imperial Age
43:46 Pikeman
45:00 Squires
44:37 Capped Ram
44:39 Halberdier
GdR_!nF@Z
9:30 Feudal Age
10:57 Double-Bit Axe
10:53 Horse Collar
20:03 Castle Age
17:51 Loom
23:30 Wheelbarrow
25:52 Imperial Age
25:43 Bloodlines
25:57 Scale Barding Armor
26:33 Forging
27:10 Gold Mining
27:22 Heavy Plow
27:32 Bow Saw
28:36 Chain Barding Armor
30:23 Iron Casting
30:38 Cavalier
32:36 Blast Furnace
35:16 Plate Barding Armor
39:20 Light Cavalry
39:50 Elite Skirmisher
40:29 Paladin
41:41 Conscription
41:29 Fletching
41:40 Padded Archer Armor
42:47 Chemistry
43:23 Two-Man Saw
42:33 Masonry
42:37 Bodkin Arrow
43:44 Leather Archer Armor
jardan1234
9:59 Feudal Age
12:03 Stone Mining
12:03 Double-Bit Axe
14:56 Castle Age
12:41 Horse Collar
13:33 Stone Mining
16:58 Bow Saw
22:27 Fletching
23:01 Padded Archer Armor
28:07 Imperial Age
25:25 Loom
26:16 Wheelbarrow
27:14 Gold Mining
27:40 Bodkin Arrow
29:19 Bracer
30:08 Scale Barding Armor
30:14 Forging
30:24 Leather Archer Armor
32:01 Capped Ram
33:25 Chain Barding Armor
33:16 Forging
34:18 Bloodlines
34:09 Husbandry
34:48 Stone Shaft Mining
34:31 Heavy Camel Rider
35:53 Ballistics
36:34 Chemistry
41:05 Iron Casting
40:57 Murder Holes
44:20 Thumb Ring
Chase_The_Dragon
10:27 Feudal Age
11:14 Double-Bit Axe
11:22 Horse Collar
12:41 Loom
14:30 Wheelbarrow
17:39 Castle Age
18:23 Town Watch
20:03 Squires
21:18 Gold Mining
22:20 Stone Mining
23:36 Fletching
25:27 Gold Shaft Mining
28:06 Imperial Age
26:45 Ballistics
26:42 Bodkin Arrow
28:50 Bracer
30:28 Chemistry
30:55 Arrowslits
32:22 Masonry
33:47 Architecture
34:01 Treadmill Crane
34:30 Eupseong
36:04 Murder Holes
39:47 Bow Saw
39:19 Elite War Wagon
43:05 Conscription
43:41 Gold Shaft Mining
LVDB_Curandero
11:30 Feudal Age
15:34 Castle Age
20:44 Imperial Age
19:00 Double-Bit Axe
18:56 Horse Collar
19:04 Horse Collar
20:11 Padded Archer Armor
28:29 Leather Archer Armor
31:05 Bow Saw
33:02 Heavy Plow
34:49 Loom
36:52 Wheelbarrow
36:02 Town Watch
36:51 Gold Mining
36:51 Stone Mining
39:49 Scale Barding Armor
39:55 Forging
40:16 Husbandry
40:26 Bloodlines
41:04 Bloodlines
41:28 Heavy Camel Rider
42:30 Chain Barding Armor
43:43 Hand Cart
44:42 Plate Barding Armor
44:43 Iron Casting
仙逆许木
11:06 Feudal Age
11:57 Double-Bit Axe
14:55 Castle Age
12:52 Horse Collar
16:09 Bow Saw
16:51 Wheelbarrow
21:00 Heavy Plow
23:24 Stone Mining
23:54 Hand Cart
23:50 Gold Mining
29:24 Imperial Age
26:42 Loom
26:54 Town Watch
27:46 Gold Shaft Mining
27:42 Scale Barding Armor
27:47 Forging
27:32 Fletching
29:06 Chain Barding Armor
29:21 Iron Casting
29:18 Caravan
29:37 Husbandry
29:47 Bloodlines
29:03 Pikeman
29:44 Squires
29:33 Elite Konnik
30:09 Stirrups
31:21 Plate Barding Armor
31:46 Blast Furnace
31:16 Conscription
31:54 Scale Mail Armor
31:49 Onager
32:20 Gambesons
33:11 Siege Engineers
33:47 Bagains
34:40 Chain Mail Armor
35:50 Plate Mail Armor
37:40 Capped Ram
38:26 Bodkin Arrow
38:46 Siege Ram
40:29 Bracer
40:20 Siege Onager
45:31 Ballistics
46:11 Chemistry
45:23 Masonry
Melodies of Life
10:36 Feudal Age
14:09 Castle Age
12:16 Double-Bit Axe
12:33 Horse Collar
21:35 Scale Mail Armor
21:38 Loom
23:55 Chain Mail Armor
24:30 Forging
26:01 Squires
25:46 Arson
26:42 Iron Casting
27:47 Wheelbarrow
29:29 Hand Cart
29:26 Bow Saw
29:16 Heavy Plow
34:49 Imperial Age
32:58 Pikeman
33:26 Town Watch
35:42 Elite Samurai
37:25 Conscription
37:36 Gold Mining
37:37 Stone Mining
38:19 Plate Mail Armor
38:51 Blast Furnace
40:36 Fletching
40:52 Halberdier
41:30 Bodkin Arrow
42:52 Bracer
43:15 Kataparuto
42:58 Caravan
Connection lost

Rejoining the realm…

Still unreachable

The connection could not be restored.

Session expired

The server has moved on; the page needs a fresh start.